 Dungeon Crawl Stone Soup version 0.32-a0-664-gf59354a (webtiles) character file.

Game seed: 4227703419228934763

32 Meow the Conjurer (level 3, 28/28 HPs)
             Began as a Naga Conjurer on Mar 9, 2024.
             Quit the game on level 1 of the Dungeon.
             The game lasted 00:02:05 (1042 turns).

Meow the Conjurer (Naga Conjurer)                   Turns: 1042, Time: 00:02:06

Health: 28/28      AC:  2    Str:  9    XL:     3   Next: 25%
Magic:  7/7        EV:  9    Int: 20    God:
Gold:   55         SH:  0    Dex:  9    Spells: 4/7 levels left

rFire   . . .        a - +0 dagger
rCold   . . .        (no shield)
rNeg    . . .        c - +0 robe
rPois   +            (no helmet)
rElec   .            (no cloak)
rCorr   .            (no gloves)
SInv    +            (no barding)
Will    .....        (no amulet)
Stlth   ++           (no ring)
HPRegen 0.24/turn    (no ring)
MPRegen 0.10/turn

%: no passive effects
@: very slow
A: AC +1, large, see invisible, deformed body, poison resistance, slowness 2,
spit poison 1, naga tail 1
a: Spit Poison


You were on level 1 of the Dungeon.
You visited 1 branch of the dungeon, and saw 1 of its levels.

You collected 55 gold pieces.

Inventory:

Hand Weapons
 a - a +0 dagger (weapon)
Armour
 c - a +0 robe (worn)
Jewellery
 i - a ring of wizardry
Scrolls
 d - a scroll of revelation {unknown}
 g - a scroll of blinking {unknown}
 k - a scroll of identify {unknown}
Potions
 b - a potion of magic
 e - 3 potions of curing {unknown}
 f - a potion of might {unknown}
 h - a potion of attraction {unknown}
 j - 2 potions of haste {unknown}


   Skills:
 - Level 1.5 Dodging
 - Level 3.0 Stealth
 + Level 2.7 Spellcasting
 + Level 4.5 Conjurations


You had 4 spell levels left.
You knew the following spells:

 Your Spells              Type           Power      Damage    Failure   Level
a - Magic Dart            Conj           80%        1d7       2%          1
b - Searing Ray           Conj           40%        2d5       3%          2

Your spell library contained the following spells:

 Spells                   Type           Power      Damage    Failure   Level
 Fulminant Prism          Conj/Alch      5%         3d7       50%         4
 Iskenderun's Mystic Bla  Conj/Tloc      11%        2d4       50%         4


Dungeon Overview and Level Annotations

Branches:
Dungeon (1/15)

Altars:


Innate Abilities, Weirdness & Mutations

Your serpentine skin is tough. (AC +1)
You have supernaturally acute eyesight. (SInv)
Armour fits poorly on your strangely shaped body.
Your system is resistant to poisons. (rPois)
You cover ground very slowly.
You can spit poison.
You have a snake-like lower body.


Message History

The hobgoblin shouts!
You can't do that yet.
Unknown command.
Unknown command.
You have got your breath back.
Aiming: Spit Poison (2% risk of failure)
Press: ? - help, Shift-Dir - straight line, f - hobgoblin
Aim: a hobgoblin (59% to hit)
The splash of poison hits the hobgoblin.
The hobgoblin is poisoned.
The hobgoblin is heavily wounded.
Unknown command.
Casting: Searing Ray (safe; 3% risk of failure)
Confirm with . or Enter, or press ? or * to list all spells.
Aiming: Magic Dart (safe; 2% risk of failure)
Press: ? - help, Shift-Dir - straight line, f/p - hobgoblin
Aim: a hobgoblin (heavily wounded, poisoned, 100% to hit)
The magic dart hits the hobgoblin.
You kill the hobgoblin!
Unknown command.
You have got your breath back.
There is an open door here.
You open the door.
There is an open door here.
A kobold comes into view. It is wielding a +0 dagger.
The kobold shouts!
The kobold moves out of view.
A kobold is nearby!
Aiming: Spit Poison (2% risk of failure)
Press: ? - help, Shift-Dir - straight line, f - kobold
Aim: a kobold, wielding a +0 dagger (50% to hit)
The splash of poison hits the kobold.
The kobold is poisoned.
You kill the kobold!
Unknown command.
You see here a +0 dagger.
You have got your breath back.
Done exploring.
Done exploring.
Okay, then.
Are you sure you want to abandon this character and quit the game? (Confirm with "yes".)

....#.)..###..#.#####..##.#
....#....# #..#........##.#
....#....# #........##.##.#
...##....# #....######....#
##.##....# #....#.....#####
##.##....# #.##.#.###.#
.#.##....# ###..>...#.#
.).##....# ########.#
########## #@.....# ####
#.###### ...##### #.#
......># #.# ##'###.# #.#
#......# #.# #......# #.#
#.....## ####.#
#.....#######....#


There were no monsters in sight!

Vanquished Creatures
  2 ball pythons (D:1)
  4 bats (D:1)
  An endoplasm (D:1)
  3 goblins (D:1)
  6 hobgoblins (D:1)
  2 jackals (D:1)
  A quokka (D:1)
  4 frilled lizards (D:1)
  4 kobolds (D:1)
  A rat (D:1)
28 creatures vanquished.

Notes
Turn   | Place    | Note
-------+----------+-------------------------------------------
     0 | D:1      | Meow the Naga Conjurer began the quest for the Orb.
     0 | D:1      | Reached XP level 1. HP: 15/15 MP: 3/3
   232 | D:1      | Reached XP level 2. HP: 22/22 MP: 3/5
   630 | D:1      | Reached XP level 3. HP: 28/28 MP: 4/6
   633 | D:1      | Learned a level 2 spell: Searing Ray
  1042 | D:1      | Quit the game

Illustrated notes

Levels and vault maps discovered:
D:1:      sevenhm_arrival_forest_fort_small_3, layout_basic

Action                     || total
---------------------------++-------
  Melee: Dagger            ||     4
   Cast: Magic Dart        ||    29
         Searing Ray       ||     1
Ability: Spit Poison       ||    13
 Armour: Robe              ||     6
  Dodge: Dodged            ||    13

Table legend: (Time is in decaauts)
 A = Elapsed time spent in this place.
 B = Non-inter-level travel time spent in this place.
 C = Inter-level travel time spent in this place.
 D = Time resting spent in this place.
 E = Time spent auto-exploring this place.
 F = Levels seen in this place.
 G = Mean time per level.
                   A        B        C        D        E       F      G
               +--------+--------+--------+--------+--------+-----+--------+
         Total |   1304 |   1304 |      0 |    303 |    879 |   1 | 1304.0 |
       Dungeon |   1304 |   1304 |      0 |    303 |    879 |   1 | 1304.0 |
               +--------+--------+--------+--------+--------+-----+--------+

Top non-repeatable levels by time:
     D:1: 1304 daAuts
